 Dungeon Crawl Stone Soup version 0.32-a0-685-g93135e86f0 (webtiles) character file.

Game seed: 13576967682958618675

39377 senseless the Fighter (level 14, -3/114 HPs)
             Began as a Coglin Berserker on Mar 12, 2024.
             Was a High Priest of Trog.
             Slain by Sonja
             ... wielding a +0 short sword of distortion
              (18 damage)
             ... on level 3 of the Lair of Beasts.
             The game lasted 00:48:36 (15604 turns).

senseless the Fighter (Coglin Berserker)           Turns: 15604, Time: 00:48:37

Health: -3/114     AC: 28    Str: 22    XL:     14   Next: 6%
Magic:  14/14      EV: 11    Int:  7    God:    Trog [*****.]
Gold:   1110       SH:  0    Dex: 14    Spells: 13/13 levels left

rFire   . . .        c - +6 broad axe (flame) {Azuma}
rCold   . . .        E - +2 falchion (flame) {Kannika}
rNeg    . . .        G - +0 plate armour
rPois   +            o - +2 helmet
rElec   .            (no cloak)
rCorr   +            M - +0 pair of gloves
SInv    .            g - +2 pair of boots
Will    +++..        (amulet unavailable) Stlth
                     (ring unavailable)
HPRegen 1.39/turn    (ring unavailable)
MPRegen 0.14/turn    P
                       - NW-50 megascope {RevParry, rPois rCorr Slay+3}

%: no passive effects
@: lethally poisoned (-3 -> -12), strong-willed, on berserk cooldown,
regenerating, slowed, revved, very slow
A: off-hand wielding, slow wielding, warmup strikes, no jewellery
a: Renounce Religion, Berserk, Trog's Hand, Brothers in Arms


You were on level 3 of the Lair of Beasts.
You worshipped Trog.
Trog was extremely pleased with you.
You visited 2 branches of the dungeon, and saw 16 of its levels.
You also visited: Ossuary and Bailey.

You collected 1110 gold pieces.

Inventory:

Hand Weapons
 a - a +0 broad axe
 c - a +6 broad axe of flaming (weapon) {Azuma}
 f - a +2 hand axe of electrocution {Kai}
 D - a +4 shortbow
 E - a +2 falchion of flaming (offhand) {Kannika}
 K - a +3 antimagic hand axe
Missiles
 k - 2 throwing nets
 L - 7 silver javelins
Armour
 g - a +2 pair of boots (worn)
 o - a +2 helmet (worn)
 y - the +0 buckler of Viam {Fly Str+2}
   (You found it in an ossuary)

   Str+2:     It affects your strength (+2).
   Fly:       It grants you flight.
 G - a +0 plate armour (worn)
 M - a +0 pair of gloves (worn)
Gizmo
 P - a NW-50 megascope (installed) {RevParry, rPois rCorr Slay+3}
   (You invented it yourself on level 3 of the Lair of Beasts)

   [NW-50 megascope]

   RevParry:  Your AC increases as you Rev (up to +5) and while fully Revved,
   your attacks may disarm enemies.
   Slay+3:    It affects your accuracy & damage with ranged weapons and melee
   (+3).
   rPois:     It protects you from poison.
   rCorr:     It protects you from acid and corrosion.
Wands
 l - a wand of roots (21)
 p - a wand of mindburst (17)
 w - a wand of digging (6)
 H - a wand of flame (33)
 I - a wand of polymorph (15)
 O - a wand of quicksilver (6)
Scrolls
 i - 6 scrolls of blinking
 n - 2 scrolls of brand weapon
 r - 10 scrolls of teleportation
 v - 2 scrolls of summoning
 A - a scroll of fog
 C - 2 scrolls of revelation
 J - 4 scrolls of vulnerability
 N - a scroll of immolation
Potions
 b - a potion of attraction
 d - 3 potions of might
 e - 7 potions of curing
 h - 2 potions of enlightenment
 j - a potion of invisibility
 m - 11 potions of brilliance
 q - 2 potions of resistance
 s - 4 potions of heal wounds
 t - a potion of ambrosia {unknown}
 u - a potion of berserk rage {unknown}
 x - a potion of haste {unknown}
 z - 2 potions of cancellation
 B - 2 potions of mutation
 F - a potion of degeneration {unknown}


   Skills:
 + Level 11.9 Fighting
 + Level 11.8 Axes
 + Level 10.6 Armour
 + Level 10.6 Dodging
 * Level 10.9 Evocations


You had 13 spell levels left.
You didn't know any spells.
Your spell library contained the following spells:

 Spells                   Type           Power      Damage    Failure   Level
 Apportation              Tloc           0%         N/A       99%         1
 Magic Dart               Conj           0%         1d3       99%         1
 Necrotise                Necr           0%         1d4       99%         1
 Sting                    Conj/Alch      0%         1d3       99%         1
 Summon Small Mammal      Summ           0%         N/A       99%         1
 Blink                    Tloc           0%         N/A       100%        2
 Call Imp                 Summ           0%         N/A       100%        2
 Jinxbite                 Hex            0%         N/A       100%        2
 Lesser Beckoning         Tloc           0%         N/A       100%        2
 Mercury Vapours          Alch/Air       0%         N/A       100%        2
 Static Discharge         Conj/Air       0%         3-3/arc   100%        2
 Gell's Gravitas          Tloc           0%         N/A       100%        3
 Mephitic Cloud           Conj/Alch/Air  0%         N/A       100%        3
 Teleport Other           Tloc           0%         N/A       100%        3
 Tukima's Dance           Hex            0%         N/A       100%        3
 Airstrike                Air            0%         2d(0-16)  100%        4
 Dimensional Bullseye     Hex/Tloc       0%         N/A       100%        4
 Iskenderun's Mystic Bla  Conj/Tloc      0%         2d3       100%        4
 Olgreb's Toxic Radiance  Alch           0%         N/A       100%        4
 Summon Lightning Spire   Summ/Air       0%         N/A       100%        4
 Alistair's Intoxication  Alch           0%         N/A       100%        5
 Freezing Cloud           Conj/Ice/Air   0%         6-21      100%        5
 Ozocubu's Refrigeration  Ice            0%         4d7       100%        7
 Discord                  Hex            0%         N/A       100%        8


Dungeon Overview and Level Annotations

Branches:
Dungeon (13/15)            Temple (0/1) D:5            Lair (3/5) D:11
 Spider (0/4) Lair:3          Orc (0/2) D:10         Vaults (0/5) D:13
Ossuary (visited)          Bailey (visited)
  Swamp: Lair:2-3    Shoals: Lair:2-3

Altars:
Fedhas
Nemelex Xobeh
Okawaru
Qazlal
Wu Jian
Xom
Yredelemnul
The Shining One

Annotations:
D:13 Rupert
Lair:3 Sonja


Innate Abilities, Weirdness & Mutations

You can wield a second weapon in your off-hand.
It takes a long time for you to wield or remove held weapons.
Your first few attacks do less damage.
You cannot equip rings or amulets.


Message History

Sonja blinks!
You feel much better.
Sonja throws a curare-tipped dart.
The curare-tipped dart hits you. You resist. The basilisk closely misses you.
The basilisk gazes at you. You resist with almost no effort.
You slash the basilisk with your +6 broad axe of flaming!
You burn the basilisk.
The basilisk is moderately wounded.
You closely miss the basilisk with your +2 falchion of flaming.
Sonja throws a curare-tipped dart.
The curare-tipped dart hits you. You resist. The basilisk barely misses you.
You slash the basilisk with your +6 broad axe of flaming!
You burn the basilisk.
The basilisk is severely wounded.
You slash the basilisk with your +2 falchion of flaming!
You burn the basilisk.
You kill the basilisk!
Trog accepts your kill.
Sonja throws a curare-tipped dart.
The curare-tipped dart hits you.
You are poisoned.
You have difficulty breathing.
* * * LOW HITPOINT WARNING * * *
You feel as though you will be slow longer.
Sonja throws a curare-tipped dart.
The curare-tipped dart completely misses you.
You feel extremely sick.
Sonja throws a curare-tipped dart.
The curare-tipped dart hits you.
You are more poisoned.
You have difficulty breathing.
* * * LOW HITPOINT WARNING * * *
You feel as though you will be slow longer.
You slash Sonja with your +2 falchion of flaming!
You burn Sonja.
Sonja is almost dead.
You miss Sonja with your +6 broad axe of flaming.
* * * LOW HITPOINT WARNING * * *
You feel extremely sick. Sonja hits you but does no damage.
Space warps horribly around you!!
You die...
Sonja takes a bow.

#......###..#####
##^#.......†..?....#
#^^^.....>.†.......#
^^^...^.............#
^>^................##
^^^^...............#
#^^^.........P...##
.###.............#
##..@K......###
.!..............#
#.............#P#
#######..##P.####
#### ###


You could see Sonja.

Vanquished Creatures
  Snorg (D:11)
  2 vault guards (Bailey)
  Erolcha (D:10)
  Erica (D:10)
  A centaur warrior (D:8)
  A boulder beetle (D:10)
  A two-headed ogre (D:8)
  A hydra (Lair:2)
  The ghost of Armakuni the Cruncher, a novice DgGl (D:9)
  6 death yaks (Lair:1)
  A tengu warrior (D:8)
  Urug (D:10)
  The ghost of alja1234 the Toxicologist, a novice SpAl of Vehumet (D:9)
  An ugly thing (D:12)
  2 deep elf pyromancers (D:12)
  A cyclops (D:12)
  A meliai (shapeshifter) (D:12)
  7 elephants
  3 black mambas
  2 gargoyles
  8 cane toads
  3 unseen horrors
  A rime drake (Lair:3)
  5 komodo dragons
  2 polar bears (Lair:2)
  Prince Ribbit (Bailey)
  3 trolls
  Grinder (D:3)
  5 blink frogs (Lair:3)
  Sigmund (D:4)
  3 wyverns
  3 shadows
  30 yaks
  4 wraiths
  3 basilisks
  Eustachio (D:4)
  5 humans
  2 vampire mosquitoes (D:12)
  A redback (Lair:3)
  A warg (D:10)
  2 acid dragons
  10 water moccasins
  3 ice beasts
  A sky beast (D:6)
  3 black bears
  2 laughing skulls (D:11)
  4 orc warriors
  2 ogres (D:5)
  5 centaurs
  9 wolves
  A kobold brigand (D:8)
  A weeping skull (Ossuary)
  A gnoll sergeant (D:10)
  18 bullfrogs
  3 scorpions
  7 water moccasin zombies (Ossuary)
  3 wights (D:10)
  18 killer bees
  A howler monkey (D:12)
  An electric eel (D:8)
  3 bombardier beetles
  7 hounds
  6 orc priests
  2 gnoll boudas (D:5)
  4 jellies
  A spectral scorpion (Ossuary)
  Jessica (D:3)
  Ijyb (D:4)
  An iguana (D:6)
  9 orc wizards
  A crocodile zombie (Ossuary)
  2 mummies (Ossuary)
  14 gnolls
  4 adders
  2 white imps
  An ufetubus (D:7)
  2 adder zombies (Ossuary)
  4 dart slugs
  3 ribbon worms
  41 orcs
  3 endoplasms
  5 giant cockroaches
  12 gnoll zombies (Ossuary)
  7 hobgoblins
  3 jackals (D:4)
  9 kobolds
  5 quokkas
  5 ball pythons
  3 bats
  A frilled lizard (D:3)
  8 goblins
  5 jackal zombies (Ossuary)
  5 orc zombies (Ossuary)
  6 rats
400 creatures vanquished.

Notes
Turn   | Place    | Note
-------+----------+-------------------------------------------
     0 | D:1      | senseless the Coglin Berserker began the quest for the Orb.
     0 | D:1      | Reached XP level 1. HP: 18/18 MP: 1/1
   135 | D:1      | Reached XP level 2. HP: 24/24 MP: 2/2
   694 | D:1      | Reached XP level 3. HP: 29/29 MP: 3/3
   880 | D:2      | Reached XP level 4. HP: 25/35 MP: 4/4
  1009 | D:2      | Found a faded altar of an unknown god.
  1023 | D:2      | Reached ** piety under Trog
  1679 | D:3      | Noticed Grinder
  1691 | D:3      | Paralysed by Grinder for 2 turns
  1695 | D:3      | Killed Grinder
  1696 | D:3      | Reached XP level 5. HP: 29/42 MP: 5/5
  1696 | D:3      | Reached XP level 6. HP: 33/48 MP: 6/6
  1837 | D:3      | Found a stormy altar of Qazlal.
  1928 | D:3      | Noticed Jessica
  1932 | D:3      | Killed Jessica
  2178 | D:4      | Noticed Sigmund
  2185 | D:4      | Killed Sigmund
  2186 | D:4      | Reached XP level 7. HP: 55/55 MP: 7/7
  2250 | D:4      | Noticed Eustachio
  2264 | D:4      | Killed Eustachio
  2265 | D:4      | Reached skill level 5 in Axes
  2523 | D:4      | Reached skill level 5 in Fighting
  3051 | D:4      | Noticed Ijyb
  3060 | D:4      | Killed Ijyb
  3061 | D:4      | Reached XP level 8. HP: 50/62 MP: 8/8
  3380 | D:5      | Entered Level 5 of the Dungeon
  3408 | D:5      | Found a sand-covered staircase.
  3419 | Ossuary  | Entered an ossuary
  3452 | Ossuary  | Reached *** piety under Trog
  3722 | Ossuary  | Reached skill level 5 in Armour
  3735 | Ossuary  | Reached skill level 5 in Dodging
  3761 | Ossuary  | Identified the +0 buckler of Viam {Fly Str+2}
  3976 | D:5      | Noticed a wyvern
  3983 | D:5      | Killed a wyvern
  3984 | D:5      | Reached XP level 9. HP: 69/69 MP: 9/9
  4054 | D:5      | Found a staircase to the Ecumenical Temple.
  4362 | D:5      | Found an ornate altar of the Wu Jian Council.
  4597 | D:5      | Reached **** piety under Trog
  5378 | D:6      | Found a sparkling altar of Nemelex Xobeh.
  5515 | D:7      | Identified the +5 dagger of Conservatism {venom, rF+ Will+
                  | Str+2 Dex-2}
  5982 | D:7      | Found an iron altar of Okawaru.
  6105 | D:7      | Reached XP level 10. HP: 79/79 MP: 10/10
  6234 | D:7      | Found a glowing golden altar of the Shining One.
  6461 | D:8      | Noticed a two-headed ogre
  6479 | D:8      | Killed a two-headed ogre
  6694 | D:8      | Noticed a tengu warrior
  6694 | D:8      | Noticed a centaur warrior
  6712 | D:8      | Killed a centaur warrior
  6721 | D:8      | Killed a tengu warrior
  7058 | D:8      | Found a shimmering altar of Xom.
  7061 | D:8      | Found a blossoming altar of Fedhas.
  7286 | D:8      | Reached XP level 11. HP: 87/87 MP: 11/11
  7332 | D:8      | Found a basalt altar of Yredelemnul.
  7570 | D:9      | Identified a scroll of acquirement
  7570 | D:9      | Acquired a +4 broad axe of flaming
  7665 | D:9      | Found a flagged portal.
  7700 | Bailey   | Entered a bailey
  7816 | Bailey   | Noticed Prince Ribbit
  7816 | Bailey   | Noticed a vault guard
  7828 | Bailey   | Killed a vault guard
  7832 | Bailey   | Killed Prince Ribbit
  7875 | Bailey   | Noticed a vault guard
  7883 | Bailey   | Killed a vault guard
  8031 | D:9      | Reached ***** piety under Trog
  8150 | D:9      | Found a runed translucent gate.
  8151 | D:9      | Found a runed translucent gate.
  8609 | D:9      | Found a runed translucent gate.
  8613 | D:9      | Noticed alja1234's ghost (novice SpAl)
  8613 | D:9      | Noticed Armakuni's ghost (novice DgGl)
  8622 | D:9      | Killed Armakuni's ghost
  8626 | D:9      | Killed alja1234's ghost
  8753 | D:9      | Identified the +10 scimitar "Killer Klown's Curse" {pain,
                  | rElec Will+ rCorr Int-5}
  8949 | D:10     | Entered Level 10 of the Dungeon
  8949 | D:10     | Noticed Erolcha
  8957 | D:10     | Killed Erolcha
  9001 | D:10     | Noticed a boulder beetle
  9009 | D:10     | Killed a boulder beetle
  9010 | D:10     | Reached skill level 10 in Fighting
  9010 | D:10     | Reached skill level 10 in Axes
  9015 | D:10     | Reached XP level 12. HP: 83/97 MP: 12/12
  9020 | D:10     | Found a staircase to the Orcish Mines.
  9917 | D:10     | Noticed Urug
  9924 | D:10     | Killed Urug
  9925 | D:10     | Reached skill level 1 in Evocations
 10015 | D:10     | Noticed Erica
 10019 | D:10     | Killed Erica
 10214 | D:11     | Found a staircase to the Lair.
 10283 | D:11     | Noticed Snorg
 10289 | D:11     | Killed Snorg
 11273 | D:12     | Reached skill level 5 in Evocations
 12666 | D:13     | Noticed Rupert
 12666 | D:13     | Noticed a centaur warrior
 12666 | D:13     | Found a gate to the Vaults.
 12687 | Lair:1   | Entered Level 1 of the Lair of Beasts
 12728 | Lair:1   | Noticed a death yak
 12729 | Lair:1   | Noticed a death yak
 12729 | Lair:1   | Noticed a death yak
 12730 | Lair:1   | Noticed a death yak
 12730 | Lair:1   | Noticed a death yak
 12730 | Lair:1   | Noticed a death yak
 12733 | Lair:1   | Killed a death yak
 12734 | Lair:1   | Reached XP level 13. HP: 106/106 MP: 13/13
 12744 | Lair:1   | Reached skill level 10 in Armour
 12745 | Lair:1   | Reached skill level 10 in Dodging
 14001 | Lair:2   | Reached skill level 10 in Evocations
 14230 | Lair:2   | Received a gift from Trog
 15493 | Lair:3   | Reached XP level 14. HP: 114/114 MP: 14/14
 15513 | Lair:3   | Acquired a NW-50 megascope {RevParry, rPois rCorr Slay+3}
 15577 | Lair:3   | Noticed Sonja
 15591 | Lair:3   | Found a hole to the Spider Nest.
 15604 | Lair:3   | Slain by Sonja

Illustrated notes

Levels and vault maps discovered:
D:1:      ncdulo_wetmaze, layout_basic, minmay_worlds_worst_comb
D:2:      layout_basic, shapermc_ecumenical_altar_notcrosses
D:3:      layout_rooms, nicolae_overflow_crystal_walls, uniq_grinder,
          uniq_jessica
D:4:      layout_loops_ring, kennysheep_opposing_triangles, uniq_sigmund,
          uniq_eustachio, uniq_ijyb
D:5:      layout_rooms, nzn_wu_jian_council_hall,
          minmay_temple_entry_sparse_star, nicolae_ossuary_entry_plus,
          kennysheep_generic_room_12
D:6:      layout_basic, mainiacjoe_overflow_24_doors, serial_bayou_crossing
D:7:      layout_basic, mainiacjoe_overflow_brackets, marbit_many_paths
D:8:      kennysheep_big_flooded_room, layout_gridville,
          yredelemnul_altar_generic, nicolae_overflow_squiral
D:9:      layout_cave_pods, enter_bailey_2, gammafunk_ghost_cemetery
D:10:     layout_grid_maze, erik_orc_4, uniq_urug, uniq_erolcha, uniq_erica
D:11:     layout_long_grid, lair_entry_dummy, minmay_fountain_box, uniq_snorg
D:12:     layout_gridville, hangedman_abyss_or_decor_lesser_grid
D:13:     layout_loops_cross, david_vaults_3, serial_shops, shop,
          serial_co_window_serial, co_window_paths_a, co_window_paths_a,
          co_window_corner_a, co_window_paths_a, co_window_paths_a,
          co_window_corner_ca, co_window_of_opportunity_b, co_window_broadway_c,
          co_window_cross_2, co_window_of_opportunity_c, co_window_broadway_a,
          co_window_corner_ca, glass_columns_a, glass_columns_a,
          glass_columns_b, glass_columns_a, glass_columns_a,
          fedhas_ov_isle_minmay
Lair:1:   layout_cave_pods, nicolae_lair_grove_arrangements
Lair:2:   layout_cave_pods, gauntlet_entry_generic
Lair:3:   mu_elephants_graveyard, layout_gridlike, minmay_shoals_entry_centaurs,
          spider_nest_entry_webs, uniq_sonja

Skill      XL: |  1  2  3  4  5  6  7  8  9 10 11 12 13 |
---------------+----------------------------------------+-----
Armour         | 2 3 4 5 6 7 9 10 | 10.6
Dodging        | 2 3 4 5 6 7 8 9 10 | 10.6
Fighting       | 4 5 6 7 8 10 11 | 11.9
Axes           | 4 5 6 7 8 10 11 | 11.8
Evocations     | 6 10 | 10.9

Action                     |  1- 3 |  4- 6 |  7- 9 | 10-12 | 13-15 || total
---------------------------+-------+-------+-------+-------+-------++-------
  Melee: Hand axe          |    59 |    36 |   351 |   371 |    62 ||   879
         Dagger            |    38 |       |    21 |       |       ||    59
         Short sword       |    20 |    41 |   321 |       |       ||   382
         Broad axe         |       |       |       |   220 |   162 ||   382
         Falchion          |       |       |       |       |    91 ||    91
 Invoke: Berserk           |     1 |     5 |    11 |    15 |     5 ||    37
         Trog's Hand       |       |       |       |     2 |     2 ||     4
Ability: Invent Gizmo      |       |       |       |       |     1 ||     1
    Use: Scroll            |       |       |    14 |    10 |     5 ||    29
         Potion            |       |       |       |     2 |     1 ||     3
   Stab: Sleeping          |     2 |       |       |       |       ||     2
 Armour: Animal skin       |    39 |     6 |       |       |       ||    45
         Leather armour    |       |    10 |       |       |       ||    10
         Ring mail         |       |     2 |   177 |       |       ||   179
         Chain mail        |       |       |    61 |     1 |       ||    62
         Plate armour      |       |       |       |   388 |   194 ||   582
  Dodge: Dodged            |    47 |    18 |   181 |   150 |   111 ||   507

Table legend: (Time is in decaauts)
 A = Elapsed time spent in this place.
 B = Non-inter-level travel time spent in this place.
 C = Inter-level travel time spent in this place.
 D = Time resting spent in this place.
 E = Time spent auto-exploring this place.
 F = Levels seen in this place.
 G = Mean time per level.
                   A        B        C        D        E       F      G
               +--------+--------+--------+--------+--------+-----+--------+
         Total |  15944 |  15344 |    600 |   1686 |  11021 |  18 |  885.8 |
       Dungeon |  12365 |  11977 |    388 |   1474 |   8761 |  13 |  951.2 |
          Lair |   2971 |   2759 |    212 |    147 |   1981 |   3 |  990.3 |
       Ossuary |    361 |    361 |      0 |     37 |    160 |   1 |  361.0 |
        Bailey |    247 |    247 |      0 |     27 |    119 |   1 |  247.0 |
               +--------+--------+--------+--------+--------+-----+--------+

Top non-repeatable levels by time:
    D:12: 1342 daAuts
    D:10: 1309 daAuts
     D:4: 1253 daAuts
  Lair:2: 1243 daAuts
     D:8: 1185 daAuts
     D:9: 1153 daAuts
    D:11: 1142 daAuts
  Lair:1: 1113 daAuts
     D:5: 1019 daAuts
     D:7: 977 daAuts
     D:2: 787 daAuts
     D:1: 780 daAuts
     D:6: 751 daAuts
     D:3: 657 daAuts
  Lair:3: 613 daAuts
